 Dungeon Crawl Stone Soup version 0.30-a0-1075-gcd70e7a56d (webtiles) character file.

Game seed: 1449953852179561386

20479 billz999 the Destroyer (level 12, -12/68 HPs)
             Began as a Gargoyle Earth Elementalist on Apr 14, 2023.
             Was a Priest of Nemelex Xobeh.
             Shot with an arrow by Nessos (13 damage)
             ... on level 3 of the Lair of Beasts.
             The game lasted 00:32:56 (14027 turns).

billz999 the Destroyer (GrEE)                      Turns: 14027, Time: 00:32:56

Health: -12/68     AC: 15    Str: 12    XL:     12   Next: 79%
Magic:  8/24       EV: 11    Int: 21    God:    Nemelex Xobeh [***...]
Gold:   414        SH:  0    Dex: 10    Spells: 13/27 levels left

rFire   x . .      SeeInvis .    g - +3 dire flail (protect)
rCold   + . .      Faith    .    (shield currently unavailable)
rNeg    + . .      Spirit   .    a - +0 robe
rPois   ∞          Reflect  .    E - +1 hat {Will+}
rElec   +          Rampage  .    L - +0 cloak
rCorr   .                        (no gloves)
Will    ++...                    K - +2 pair of boots
Stlth   ++                       M - amulet of magic regeneration
HPRegen 0.31/turn                d - ring of willpower
MPRegen 0.59/turn                z - ring of ice

@: no status effects
A: sickness immunity, AC +8, negative energy resistance 1, electricity
resistance, torment resistance 1, petrification resistance
a: Renounce Religion, Draw Escape, Draw Destruction, Draw Summoning, Triple Draw


You were on level 3 of the Lair of Beasts.
You worshipped Nemelex Xobeh.
Nemelex Xobeh was most pleased with you.
You visited 3 branches of the dungeon, and saw 13 of its levels.

You collected 946 gold pieces.
You spent 532 gold pieces at shops.

Inventory:

Hand Weapons
 g - a +3 dire flail of protection (weapon)
 n - a +0 short sword of holy wrath
 s - a +2 short sword of draining
 D - a +0 shortbow
Missiles
 l - 3 throwing nets
Armour
 a - a +0 robe (worn)
 E - a +1 hat of willpower (worn)
 K - a +2 pair of boots (worn)
 L - a +0 cloak (worn)
Jewellery
 d - a ring of willpower (left hand)
 e - a ring of protection from cold
 f - a ring of resist corrosion
 m - a ring of positive energy
 p - a ring of fire
 q - an amulet of reflection
 z - a ring of ice (right hand)
 F - a ring of see invisible
 M - an amulet of magic regeneration (around neck)
Wands
 G - a wand of roots (13)
 H - a wand of mindburst (37)
 N - a wand of quicksilver (6)
Scrolls
 c - 2 scrolls of fog {unknown}
 h - 16 scrolls of identify {unknown}
 j - 4 scrolls of blinking {unknown}
 k - 3 scrolls of vulnerability {unknown}
 o - 2 scrolls of silence {unknown}
 r - 2 scrolls of magic mapping {unknown}
 t - a scroll of poison {unknown}
 u - 3 scrolls of enchant weapon {unknown}
 x - 2 scrolls of teleportation {unknown}
 y - a scroll of enchant armour {unknown}
 C - a scroll of amnesia {unknown}
 J - a scroll of immolation {unknown}
Potions
 b - a potion of magic
 i - 3 potions of degeneration
 v - a potion of haste
 w - 3 potions of curing
 A - a potion of flight {unknown}
 B - a potion of brilliance {unknown}
 I - a potion of lignification {unknown}


   Skills:
 - Level 5.0 Fighting
 - Level 1.5 Dodging
 - Level 2.1 Stealth
 - Level 8.3 Spellcasting
 - Level 12.1 Conjurations
 - Level 6.5 Necromancy
 - Level 0.7 Transmutations
 - Level 8.8 Ice Magic
 - Level 5.0 Air Magic
 + Level 6.7 Earth Magic
 - Level 4.7 Invocations


You had 13 spell levels left.
You knew the following spells:

 Your Spells              Type           Power      Damage    Failure   Level
a - Sandblast             Erth           74%        2d16      1%          1
b - Stone Arrow           Conj/Erth      96%        3d13      1%          3
c - Freezing Cloud        Conj/Ice/Air   30%        6-21      6%          5
d - Borgnjor's Vile Clut  Necr/Erth      18%        N/A       14%         5

Your spell library contained the following spells:

 Spells                   Type           Power      Damage    Failure   Level
 Kiss of Death            Conj/Necr      100%       2d13      1%          1
 Ozocubu's Armour         Ice            62%        N/A       1%          3
 Passwall                 Tmut/Erth      20%        N/A       2%          2
 Dispel Undead            Necr           36%        3d15      5%          4
 Flame Wave               Conj/Fire      34%        2d10      6%          4
 Sticky Flame             Conj/Fire      34%        2d5       6%          4
 Summon Small Mammal      Summ           32%        N/A       8%          1
 Lesser Beckoning         Tloc           16%        N/A       12%         2
 Scorch                   Fire           16%        2d5       12%         2
 Petrify                  Tmut/Erth      24%        N/A       17%         4
 Call Canine Familiar     Summ           8%         N/A       22%         3
 Confusing Touch          Hex            8%         N/A       22%         3
 Gell's Gravitas          Tloc           8%         N/A       22%         3
 Ignite Poison            Fire/Tmut/Pois 9%         N/A       22%         3
 Inner Flame              Hex/Fire       8%         N/A       22%         3
 Summon Guardian Golem    Hex/Summ       8%         N/A       22%         3
 Teleport Other           Tloc           8%         N/A       22%         3
 Ozocubu's Refrigeration  Ice            31%        4d14      86%         7
 Alistair's Intoxication  Tmut/Pois      6%         N/A       88%         5
 Yara's Violent Unravell  Hex/Tmut       5%         3d4       88%         5
 Eringya's Noxious Bog    Tmut/Pois      5%         N/A       100%        6
 Summon Cactus Giant      Summ           4%         N/A       100%        6
 Enfeeble                 Hex            4%         N/A       100%        7
 Cigotuvi's Dreadful Rot  Necr/Pois/Air  Unusable   N/A       N/A         2

Dungeon Overview and Level Annotations

Branches:
Dungeon (9/15)             Temple (1/1) D:5            Lair (3/5) D:9
  Swamp (0/4) Lair:2       Spider (0/4) Lair:2
    Orc: D:9-12

Altars:
Ashenzari
Cheibriados
Dithmenos
Elyvilon
Fedhas
Hepliaklqana
Kikubaaqudgha
Makhleb
Nemelex Xobeh
Okawaru
Qazlal
Ru
Sif Muna
Trog
Uskayaw
Wu Jian
Yredelemnul
Zin
The Shining One

Shops:
D:4 *(   D:7 :

Annotations:
D:5 3 runed translucent doors, Esekla's ghost, amateur OpDe
Lair:3 Nessos


Innate Abilities, Weirdness & Mutations

You are immune to sickness and miasma.
Your stone body is resilient. (AC +8)
You are immune to poison.
You resist negative energy. (rN+)
You are resistant to electric shocks. (rElec)
You are resistant to unholy torment.
You are immune to petrification.


Message History

Okay, then.
Casting: Freezing Cloud (dangerous; 6% risk of failure)
Confirm with . or Enter, or press ? or * to list all spells.
The spell is quite dangerous to miscast (14% risk of failure)!
Continue anyway?
Aiming: Borgnjor's Vile Clutch (quite dangerous; 14% risk of failure)
Press: ? - help, Shift-Dir - straight line, f - Nessos
Aim: Nessos, wielding a +3 longbow of flaming and wearing a +1 barding of stealth (freezing vapour, lightly wounded, 100% to hit)
Zombie hands grab Nessos.
The zombie hands constrict Nessos.
Nessos is engulfed in freezing vapours.
Nessos casts a spell.
Nessos seems to speed up.
Nessos shoots an arrow.
The arrow hits you!
* * * LOW HITPOINT WARNING * * *
The arrow burns you.
* * * LOW HITPOINT WARNING * * *
You feel better.
The zombie hands constrict Nessos.
Nessos is engulfed in freezing vapours.
Nessos mumbles some strange words.
Nessos struggles to blink free from constriction.
Nessos is engulfed in freezing vapours.
Nessos shoots an arrow.
The arrow barely misses you.
Casting: Borgnjor's Vile Clutch (quite dangerous; 14% risk of failure)
Confirm with . or Enter, or press ? or * to list all spells.
You can't see any susceptible monsters within range! (Use Z to cast anyway.) Unknown command.
The zombie hands constrict Nessos!
Nessos shoots an arrow.
The arrow hits you!
* * * LOW HITPOINT WARNING * * *
The arrow burns you.
* * * LOW HITPOINT WARNING * * *
Nessos is engulfed in freezing vapours.
Nessos shoots an arrow.
The arrow misses you.
You feel better.
The zombie hands constrict Nessos!
Nessos is engulfed in freezing vapours.
Nessos shoots an arrow.
The arrow hits you.
* * * LOW HITPOINT WARNING * * *
The arrow burns you.
* * * LOW HITPOINT WARNING * * *
Nessos is engulfed in freezing vapours.
Nessos shoots an arrow.
The arrow hits you!
You die...
Your body disappears without a glow.

###### ##### ####
.#P#.#####...###..##
................>..#
...................#
................@..#
...................#
.............§.....#
...P.......§§§§§§.§.#
P.P~.......§c§°§§§§##
~~~~P......§§§§§§§§#
~♣♣~~...#.P.........
♣ ♣P~P.P#.#........##
♣P~..## ..


You could see Nessos (fast, clutched).

Vanquished Creatures
  Gastronok (D:8)
  A boulder beetle (Lair:1)
  5 death yaks (Lair:2)
  A bog body (Lair:2)
  A wolf spider (Lair:2)
  5 elephants (Lair:2)
  6 cane toads
  Maggie (D:7)
  A komodo dragon (Lair:1)
  A rime drake (D:9)
  13 blink frogs
  20 yaks
  2 wyverns (Lair:2)
  A wraith (D:9)
  A steam dragon (D:6)
  Edmund (D:4)
  9 water moccasins
  6 ice beasts
  2 orc warriors
  A sky beast (D:8)
  A black bear (D:6)
  An ogre (D:5)
  2 centaurs
  10 wolves
  3 kobold brigands
  A phantom (D:4)
  10 bullfrogs
  A gnoll sergeant (D:6)
  A scorpion (D:5)
  A vampire bat (Lair:2)
  2 howler monkeys
  A quasit (D:6)
  2 hounds
  2 jellies
  3 orc priests
  2 gnoll boudas
  3 iguanas
  7 orc wizards
  14 gnolls
  11 adders
  A shadow imp (D:6)
  5 white imps (D:6)
  3 worms
  7 dart slugs
  36 orcs
  5 ball pythons
  9 endoplasms
  A giant cockroach (D:4)
  7 hobgoblins
  4 jackals (D:1)
  2 quokkas
  15 bats
  5 frilled lizards
  10 goblins
  17 kobolds
  5 rats
289 creatures vanquished.

Vanquished Creatures (others)
  An orc wizard (D:6)
  A demonic plant (D:6)
  8 fungi
  19 plants
  2 toadstools (D:3)
31 creatures vanquished.

Grand Total: 320 creatures vanquished

Notes
Turn   | Place    | Note
-------+----------+-------------------------------------------
     0 | D:1      | billz999 the Gargoyle Earth Elementalist began the quest
                  | for the Orb.
     0 | D:1      | Reached XP level 1. HP: 10/10 MP: 3/3
    28 | D:1      | Reached XP level 2. HP: 15/15 MP: 0/5
   463 | D:1      | Reached XP level 3. HP: 19/19 MP: 5/7
  1333 | D:2      | Reached XP level 4. HP: 24/24 MP: 2/9
  2161 | D:3      | Learned a level 3 spell: Stone Arrow
  2185 | D:3      | Reached XP level 5. HP: 28/28 MP: 10/12
  2256 | D:3      | Reached skill level 5 in Spellcasting
  2910 | D:3      | Learned a level 5 spell: Freezing Cloud
  3009 | D:4      | Reached skill level 1 in Conjurations
  3018 | D:4      | Reached skill level 2 in Conjurations
  3153 | D:3      | Reached XP level 6. HP: 24/32 MP: 8/13
  3187 | D:4      | Reached skill level 3 in Conjurations
  3335 | D:4      | Found a burning altar of Makhleb.
  3335 | D:4      | Noticed an Executioner
  3399 | D:4      | Noticed Edmund
  3438 | D:4      | Killed Edmund
  3439 | D:4      | Reached skill level 5 in Conjurations
  3439 | D:4      | Reached XP level 7. HP: 4/37 MP: 7/14
  3817 | D:4      | Found Nymops's Weapon Boutique.
  3852 | D:4      | Found Ongeunar's Neck Hole.
  4078 | D:5      | Entered Level 5 of the Dungeon
  4513 | D:5      | Found a staircase to the Ecumenical Temple.
  4588 | Temple   | Entered the Ecumenical Temple
  4588 | Temple   | Noticed a reaper
  4589 | Temple   | Noticed Puwnoor the pandemonium lord
  4589 | Temple   | Noticed Issepn the pandemonium lord
  4589 | Temple   | Noticed a shadow demon
  4590 | Temple   | Noticed a shadow demon
  4591 | Temple   | Noticed a neqoxec
  4592 | Temple   | Noticed Wuiwkele the pandemonium lord
  4621 | Temple   | Noticed an Ice Fiend
  4626 | Temple   | Noticed a sun demon
  4637 | Temple   | Noticed a rust devil
  4640 | Temple   | Noticed an orange demon
  4641 | Temple   | Noticed a Tzitzimitl
  4641 | Temple   | Noticed Kaluegyg the pandemonium lord
  4659 | Temple   | Noticed a rust devil
  4660 | Temple   | Noticed Koxecok the pandemonium lord
  4660 | Temple   | Noticed a hellwing
  4668 | Temple   | Noticed Cuicyma the pandemonium lord
  4813 | Temple   | Became a worshipper of Nemelex Xobeh the Trickster
  4845 | D:5      | Found a white marble altar of Elyvilon.
  5221 | D:5      | Reached skill level 5 in Fighting
  5383 | D:5      | Found a runed translucent gate.
  5383 | D:5      | Found a runed translucent gate.
  5383 | D:5      | Found a runed translucent gate.
  5385 | D:5      | Noticed Esekla's ghost (amateur OpDe)
  5498 | D:5      | Reached XP level 8. HP: 30/49 MP: 6/15
  5656 | D:5      | Found a glowing silver altar of Zin.
  5832 | D:5      | Reached skill level 5 in Earth Magic
  6316 | D:5      | Reached skill level 1 in Ice Magic
  6364 | D:6      | Reached * piety under Nemelex Xobeh
  7101 | D:6      | Reached skill level 5 in Ice Magic
  7131 | D:6      | Reached skill level 1 in Invocations
  7487 | D:6      | Reached XP level 9. HP: 54/54 MP: 12/16
  7830 | D:7      | Identified the +6 short sword of Cabog {freeze, Int+3
                  | Stlth+}
  7837 | D:7      | Found Vojeut's Book Shoppe.
  7923 | D:7      | Bought Great Wizards, Vol. II for 532 gold pieces
  7954 | D:7      | Reached skill level 1 in Air Magic
  7967 | D:7      | Noticed Maggie
  7992 | D:7      | Killed Maggie
  8074 | D:7      | Received a gift from Nemelex Xobeh
  8458 | D:8      | Noticed Gastronok
  8474 | D:8      | Killed Gastronok
  8475 | D:8      | Reached skill level 5 in Air Magic
  8475 | D:8      | Reached skill level 6 in Conjurations
  8475 | D:8      | Reached XP level 10. HP: 14/59 MP: 0/18
  8933 | D:8      | Reached skill level 7 in Conjurations
  9060 | D:8      | Reached ** piety under Nemelex Xobeh
  9663 | D:9      | Received a gift from Nemelex Xobeh
  9683 | D:8      | Reached skill level 8 in Conjurations
  9911 | D:9      | Found a staircase to the Lair.
 10129 | D:9      | Found a blossoming altar of Fedhas.
 10358 | D:9      | Learned a level 5 spell: Borgnjor's Vile Clutch
 10687 | Lair:1   | Entered Level 1 of the Lair of Beasts
 10693 | Lair:1   | Reached skill level 9 in Conjurations
 10695 | Lair:1   | Reached XP level 11. HP: 52/63 MP: 2/21
 11156 | Lair:1   | Reached *** piety under Nemelex Xobeh
 11171 | Lair:1   | Reached skill level 10 in Conjurations
 11283 | Lair:1   | Received a gift from Nemelex Xobeh
 11548 | Lair:1   | Noticed a boulder beetle
 11561 | Lair:1   | Killed a boulder beetle
 11901 | Lair:2   | Found a hole to the Spider Nest.
 11901 | Lair:2   | Noticed a wolf spider
 11906 | Lair:2   | Killed a wolf spider
 12106 | Lair:2   | Noticed a bog body
 12109 | Lair:2   | Killed a bog body
 12233 | Lair:2   | Identified the scarf of Gopha {rC+ rF+, Slay+3}
 12284 | Lair:2   | Reached skill level 11 in Conjurations
 12544 | Lair:2   | Reached XP level 12. HP: 49/68 MP: 7/24
 12617 | Lair:2   | Reached skill level 12 in Conjurations
 12797 | Lair:2   | Received a gift from Nemelex Xobeh
 12819 | Lair:2   | Found a staircase to the Swamp.
 12825 | Lair:2   | Reached skill level 1 in Necromancy
 12974 | Lair:2   | Noticed a death yak
 12975 | Lair:2   | Noticed a death yak
 12976 | Lair:2   | Noticed a death yak
 12977 | Lair:2   | Noticed a death yak
 12978 | Lair:2   | Noticed a death yak
 12980 | Lair:2   | Killed a death yak
 12984 | Lair:2   | Killed a death yak
 12985 | Lair:2   | Killed a death yak
 12987 | Lair:2   | Killed a death yak
 12987 | Lair:2   | Killed a death yak
 13295 | Lair:2   | Reached skill level 5 in Necromancy
 13862 | Lair:3   | Received a gift from Nemelex Xobeh
 14020 | Lair:3   | Noticed Nessos
 14027 | Lair:3   | HP: 1/68 [Nessos/arrow (4)]
 14027 | Lair:3   | Shot with an arrow by Nessos

Illustrated notes

Levels and vault maps discovered:
D:1:      spicycebolla_green_bress_n_ham_2, layout_loops_ring,
          minmay_hexomino_c4
D:2:      layout_loops_cross, chequers_serial_rivers_large_a
D:3:      minmay_recursive_quarters, layout_basic, minmay_gold_behind_fungi
D:4:      layout_basic, makhleb_altar_promises_db, serial_shops,
          nicolae_shop_bloodbath_and_beyond, nicolae_shop_sticking_my_neck_out,
          uniq_edmund
D:5:      layout_basic, amcnicky_altar_gilded, mainiacjoe_overflow_boulevard,
          minmay_temple_entry_trees, gammafunk_ghost_nasty_kobolds
D:6:      layout_cave_pools, serial_demonic, serial_demonic_c, serial_demonic_d,
          serial_demonic_b, serial_demonic_f
D:7:      layout_basic, serial_shops, nicolae_shop_advertising_works
          [nicolae_subvault_shop_adworks], uniq_pikel, uniq_maggie
D:8:      layout_basic, uniq_gastronok
D:9:      layout_cave_pools, fedhas_altar_2, hellmonk_lair_entry_icy
Temple:   nicolae_temple_panitentiary
Lair:1:   layout_gridlike
Lair:2:   layout_cave_pods, skrybe_swamp_entry_bodies, spider_nest_entry_rubble,
          roderic_batcave, beast_lair_carwin_9, grunt_megastairs_4
Lair:3:   layout_big_grid, minmay_holes, serial_bayou_pond_c, lemuel_fruit_tree,
          uniq_nessos

Skill      XL: |  1  2  3  4  5  6  7  8  9 10 11 12 |
---------------+-------------------------------------+-----
Spellcasting   | 3 4 5 6 8 |  8.3
Conjurations   | 2 5 6 9 11 12 | 12.1
Fighting       | 5 |  5.0
Earth Magic    | 4 6 |  6.7
Ice Magic      | 5 7 8 |  8.8
Invocations    | 2 4 |  4.7
Air Magic      | 5 |  5.0
Necromancy     | 6 |  6.5
Dodging        | |  1.5
Stealth        | |  2.1
Transmutations | |  0.7

Action                     |  1- 3 |  4- 6 |  7- 9 | 10-12 || total
---------------------------+-------+-------+-------+-------++-------
  Melee: Unarmed           |     3 |       |       |       ||     3
         Short sword       |       |    16 |    14 |       ||    30
         Dire flail        |       |       |     2 |    16 ||    18
   Fire: Shortbow          |       |       |    60 |       ||    60
   Cast: Sandblast         |    54 |    86 |   101 |    62 ||   303
         Stone Arrow       |       |     2 |    75 |    82 ||   159
         Freezing Cloud    |       |       |       |    57 ||    57
         Borgnjor's Vile C |       |       |       |     1 ||     1
 Invoke: Draw Summoning    |       |       |       |     2 ||     2
         Draw Destruction  |       |       |       |     1 ||     1
  Evoke: Wand              |       |       |    10 |       ||    10
    Use: Potion            |       |     7 |       |     5 ||    12
   Stab: Paralysed         |       |       |     9 |       ||     9
 Armour: Robe              |     5 |    21 |    42 |    38 ||   106
  Dodge: Dodged            |     9 |    47 |    61 |    48 ||   165
  Block: Other             |       |       |    30 |    13 ||    43
         Reflection        |       |       |     7 |     1 ||     8

Table legend: (Time is in decaauts)
 A = Elapsed time spent in this place.
 B = Non-inter-level travel time spent in this place.
 C = Inter-level travel time spent in this place.
 D = Time resting spent in this place.
 E = Time spent auto-exploring this place.
 F = Levels seen in this place.
 G = Mean time per level.
                   A        B        C        D        E       F      G
               +--------+--------+--------+--------+--------+-----+--------+
         Total |  14213 |  13673 |    540 |   3283 |   8568 |  13 | 1093.3 |
       Dungeon |  10615 |  10156 |    459 |   2064 |   6651 |   9 | 1179.4 |
        Temple |    241 |    224 |     17 |      0 |    177 |   1 |  241.0 |
          Lair |   3356 |   3292 |     64 |   1219 |   1740 |   3 | 1118.7 |
               +--------+--------+--------+--------+--------+-----+--------+

Top non-repeatable levels by time:
     D:5: 2223 daAuts
  Lair:2: 1935 daAuts
     D:8: 1425 daAuts
     D:6: 1236 daAuts
  Lair:1: 1216 daAuts
     D:3: 1182 daAuts
     D:1: 1140 daAuts
     D:4: 1086 daAuts
     D:9: 869 daAuts
     D:2: 852 daAuts
     D:7: 599 daAuts
  Temple: 241 daAuts
  Lair:3: 204 daAuts
